 Dungeon Crawl Stone Soup version 0.20.0-15-g7f486f2 (webtiles) character file.

11792 Mesmaeker13 the Covert (level 12, -6/74 HPs)
             Began as a Human Wanderer on June 11, 2017.
             Was a Believer of Ashenzari.
             Mangled by an eight-headed hydra (15 damage)
             ... on level 2 of the Lair of Beasts.
             The game lasted 00:54:42 (17929 turns).

Mesmaeker13 the Covert (Human Wanderer)            Turns: 17929, Time: 00:54:42

Health: -6/74      AC: 18    Str: 17    XL:     12   Next: 12%
Magic:  9/18       EV: 19    Int: 14    God:    Ashenzari [**....]
Gold:   323        SH:  0    Dex: 17    Spells: 12/19 levels left

rFire    . . .     SeeInvis .   Y - +4 rapier
rCold    . . .     Gourm    .   (no shield)
rNeg     . . .     Faith    .   t - +2 robe
rPois    .         Spirit   .   B - +0 helmet
rElec    .         Reflect  .   (no cloak)
rCorr    .         Harm     .   x - +0 pair of gloves (curse)
MR       +....                  z - +1 pair of boots (curse)
Stlth    +++++.....             (no amulet)
Regen    0.3/turn               g - +4 ring of protection
MPRegen  0.2/turn               u - ring of protection from magic

@: mighty, icy armour, very slightly contaminated, slow
A: no striking features
a: Curse Item, Scrying, Renounce Religion


You were on level 2 of the Lair of Beasts.
You worshipped Ashenzari.
Ashenzari was pleased with you.
You were full.

You visited 3 branches of the dungeon, and saw 13 of its levels.
You also visited: Ossuary.

You collected 375 gold pieces.
You spent 52 gold pieces at shops.

Inventory:

Hand Weapons
 b - a +2 blowgun
 e - a +0 scimitar
 p - a +2 dagger of venom
 I - a +1 dagger of electrocution
 Y - a +4 rapier (weapon)
Missiles
 C - 76 arrows
 G - 30 poisoned needles
 R - 2 curare-tipped needles
Armour
 t - a +2 robe (worn)
 x - a cursed +0 pair of gloves (worn)
 z - a cursed +1 pair of boots (worn)
 B - a +0 helmet (worn)
 E - a +0 shield
Jewellery
 g - a +4 ring of protection (left hand)
 u - a ring of protection from magic (right hand)
 v - an uncursed ring of poison resistance
 O - an uncursed ring of ice
Wands
 n - a wand of random effects (12/48)
 P - a wand of disintegration (0/24)
 Z - a wand of iceblast (5/15)
Scrolls
 i - a scroll of remove curse
 j - 5 scrolls of teleportation
 l - 4 scrolls of magic mapping
 y - a scroll of noise {unknown}
 D - 3 scrolls of fog
 F - a scroll of enchant weapon {unknown}
 H - 2 scrolls of recharging {unknown}
 K - 2 scrolls of immolation
 M - 3 scrolls of blinking {unknown}
 N - a scroll of enchant armour
 Q - a scroll of vulnerability {unknown}
 W - a scroll of amnesia {unknown}
Potions
 a - 2 potions of haste
 h - 3 potions of heal wounds
 m - 3 potions of brilliance {unknown}
 q - 5 potions of curing
 r - 2 potions of might
 w - 5 potions of agility {unknown}
 A - 5 potions of flight
 J - a potion of mutation {unknown}
 L - a potion of degeneration {unknown}
 T - 3 potions of magic {unknown}
 U - a potion of lignification {unknown}
Books
 c - the Grimoire of Transmutation

   Spells                             Type                      Level
   a - Sticks to Snakes               Transmutation                2
   b - Passwall                       Transmutation/Earth          2
 d - Hawehac's Reference Book on the Snowflakes

   Spells                             Type                      Level
   a - Freeze                         Ice                          1
   b - Ozocubu's Armour               Charms/Ice                   3
Comestibles
 f - 11 bread rations
 k - 2 fruits
 o - 5 royal jellies
 X - a meat ration


   Skills:
 + Level 9.6 Short Blades
 - Level 5.1 Throwing
 + Level 9.2 Dodging
 + Level 10.5 Stealth
 - Level 4.1 Spellcasting
   Level 1.0 Conjurations
   Level 1.0 Hexes
 - Level 5.0 Charms
 - Level 2.0 Transmutations
 + Level 4.4 Ice Magic


You had 12 spell levels left.
You knew the following spells:

 Your Spells              Type           Power        Failure   Level  Hunger
a - Sticks to Snakes      Tmut           #.......     12%         2    ##.....
b - Ozocubu's Armour      Chrm/Ice       ###.....     9%          3    ###....
c - Passwall              Tmut/Erth      #.........   19%         2    ##.....


Dungeon Overview and Level Annotations

Branches:
Dungeon (10/15)            Temple (1/1) D:7            Lair (2/6) D:10
 Shoals (0/4) Lair:2
  Snake: Lair:2-4    Spider: Lair:2-4       Orc: D:9-12

Altars:
Ashenzari
Cheibriados
Dithmenos
Elyvilon
Fedhas
Gozag
Hepliaklqana
Kikubaaqudgha
Nemelex Xobeh
Okawaru
Qazlal
Ru
Sif Muna
Uskayaw
Vehumet
Xom
Yredelemnul
Zin

Shops:
D:4 ?   D:5 !

Annotations:
D:3 Grinder
D:6 AltWight's ghost, novice FoFi


Message History

The eight-headed hydra bites you!
The eight-headed hydra barely misses you.
The eight-headed hydra bites you but does no damage.
Casting: Ozocubu's Armour
Confirm with . or Enter, or press ? or * to list all spells.
Okay, then.
Unknown command.
Okay, then.
You feel very mighty all of a sudden. The eight-headed hydra bites you!
* * * LOW HITPOINT WARNING * * *
The eight-headed hydra bites you but does no damage.
The eight-headed hydra closely misses you.
The eight-headed hydra bites you but does no damage.
The eight-headed hydra bites you!
* * * LOW HITPOINT WARNING * * *
The eight-headed hydra misses you.
The eight-headed hydra closely misses you.
The eight-headed hydra bites you!
You die...

#...#........#####.###.
, ,
.............#.#.......
*
....###...P......#....#
* P.##
###.#.##..##.#### , ,
#** #..####.*#.# *
###.##### #.#
##.#.....####.# # * *
#..........##.#### * ,
##@DP.#####.##.#.## ,,
* #...⌠.#...#.##..###
##..P.#§..#....####
##..##
#.....#...#.##.#.##
....#
##..#'###'##.....#..
####....
#...#......#.##..†..
.......#
##.)#......#....>.##
....##.#
#..#....#(#..##.###
...P#..##
#####..#....#[#...#..##


You could see an eight-headed hydra.

Vanquished Creatures
  3 two-headed ogres
  Pikel (D:8)
  A necromancer (Lair:2)
  2 komodo dragons (Lair:2)
  2 spiny frogs
  2 hippogriffs
  A vampire (D:8)
  Sigmund (D:3)
  9 yaks (Lair:1)
  Grum (D:8)
  A basilisk (Lair:2)
  A hungry ghost (D:9)
  2 wargs (D:10)
  5 water moccasins
  2 orc warriors
  6 porcupines
  An ice beast (D:9)
  3 sky beasts
  A slave (D:8)
  2 ogres
  4 centaurs
  7 wolves
  2 crocodiles
  9 bullfrogs
  3 scorpions
  5 killer bees (D:6)
  4 howler monkeys
  3 crimson imps
  A centaur zombie (D:8)
  2 bullfrog zombies
  3 human zombies (Ossuary)
  3 orc priests
  4 hounds
  A jelly (D:7)
  13 orc wizards
  A bullfrog skeleton (D:7)
  8 worker ants
  A wolf simulacrum (Lair:2)
  5 polar bear simulacra (Lair:2)
  2 yak simulacra (Lair:2)
  A hound zombie (D:7)
  A hound skeleton (D:4)
  2 mummies (Ossuary)
  3 worker ant zombies
  Robin (D:4)
  9 adders
  2 shadow imps
  An ooze (D:2)
  4 adder zombies
  3 dart slugs
  4 leopard geckos
  29 orcs
  A ball python (D:1)
  6 giant cockroaches
  15 goblins
  12 hobgoblins
  4 jackals
  3 quokkas
  4 bats
  4 frilled lizards
  2 goblin zombies (Ossuary)
  9 hobgoblin zombies (Ossuary)
  A jackal zombie (Ossuary)
  5 kobolds
  13 kobold zombies (Ossuary)
  4 orc zombies (Ossuary)
  A rat (D:2)
  2 rat zombies (Ossuary)
  2 river rat simulacra (Lair:2)
276 creatures vanquished.

Vanquished Creatures (collateral kills)
  A warg (D:9)
  A yak simulacrum (Lair:2)
  An orc (D:10)
3 creatures vanquished.

Vanquished Creatures (others)
  3 slaves (D:9)
  A necrophage (D:9)
  A bullfrog (D:9)
  A leopard gecko (D:9)
  4 fungi (Lair:2)
  2 plants
12 creatures vanquished.

Grand Total: 291 creatures vanquished

Notes
Turn   | Place    | Note
-------+----------+-------------------------------------------
     0 | D:1      | Mesmaeker13 the Human Wanderer began the quest for the Orb.
     0 | D:1      | Mesmaeker13 set off with: 2 curare-tipped needles, a +2 blowgun, the Grimoire of Transmutation, Hawehac's Reference Book on the Snowflakes, a +0 robe, a bread ration
     0 | D:1      | Reached XP level 1. HP: 13/13 MP: 5/5
     1 | D:1      | Identified the Grimoire of Transmutation
     1 | D:1      | Identified Hawehac's Reference Book on the Snowflakes
   220 | D:1      | Reached XP level 2. HP: 11/19 MP: 7/7
   437 | D:1      | Reached skill level 1 in Short Blades
   772 | D:1      | Reached skill level 2 in Stealth
  1525 | D:1      | Reached XP level 3. HP: 24/24 MP: 8/8
  2677 | D:2      | Reached skill level 3 in Stealth
  2677 | D:2      | Reached XP level 4. HP: 27/30 MP: 10/10
  2682 | D:2      | Learned a level 2 spell: Sticks to Snakes
  3338 | D:3      | Noticed Sigmund
  3380 | D:4      | Found Zuino's Magic Scroll Shoppe.
  3409 | D:4      | Reached XP level 5. HP: 33/35 MP: 11/11
  3553 | D:4      | Reached skill level 1 in Dodging
  3743 | D:4      | Noticed Robin
  3771 | D:4      | Killed Robin
  3771 | D:4      | Reached skill level 1 in Transmutations
  4013 | D:3      | Killed Sigmund
  4013 | D:3      | Reached skill level 4 in Stealth
  4013 | D:3      | Reached XP level 6. HP: 40/41 MP: 12/12
  4793 | D:3      | Noticed Grinder
  4805 | D:5      | Entered Level 5 of the Dungeon
  5146 | D:5      | Reached XP level 7. HP: 38/46 MP: 13/13
  5942 | D:4      | Reached skill level 5 in Stealth
  6421 | D:5      | Reached XP level 8. HP: 33/52 MP: 14/14
  6621 | D:5      | Found an opulent altar of Gozag.
  7228 | D:5      | Found Oreqiy's Distillery.
  7231 | D:5      | Bought a potion of might for 52 gold pieces
  7385 | D:6      | Noticed AltWight's ghost (novice FoFi)
  7762 | D:7      | Found a staircase to the Ecumenical Temple.
  7771 | Temple   | Entered the Ecumenical Temple
  7928 | Temple   | Became a worshipper of Ashenzari the Shackled
  8173 | D:7      | Found a sand-covered staircase.
  8182 | Ossuary  | Entered an ossuary
  8428 | Ossuary  | Reached skill level 5 in Short Blades
  8783 | D:7      | Reached skill level 6 in Stealth
  9172 | D:6      | Reached XP level 9. HP: 41/57 MP: 9/15
  9371 | D:6      | Reached skill level 5 in Dodging
  9600 | D:7      | Found a basalt altar of Yredelemnul.
  9859 | D:8      | Noticed Grum
  9885 | D:8      | Killed Grum
  9885 | D:8      | Reached skill level 7 in Stealth
 10227 | D:8      | Noticed a two-headed ogre
 10254 | D:8      | Killed a two-headed ogre
 10254 | D:8      | Reached XP level 10. HP: 35/63 MP: 16/16
 10496 | D:8      | Reached skill level 5 in Throwing
 10637 | D:8      | Reached skill level 8 in Stealth
 10644 | D:8      | Learned a level 3 spell: Ozocubu's Armour
 10856 | D:8      | Reached skill level 1 in Charms
 11148 | D:8      | Reached * piety under Ashenzari
 11687 | D:9      | Noticed Pikel
 11778 | D:8      | Killed Pikel
 11847 | D:9      | Noticed a two-headed ogre
 11879 | D:9      | Killed a two-headed ogre
 12036 | D:9      | Noticed a two-headed ogre
 12056 | D:9      | Killed a two-headed ogre
 12056 | D:9      | Reached skill level 9 in Stealth
 12056 | D:9      | Reached XP level 11. HP: 38/68 MP: 17/17
 13284 | D:9      | Reached ** piety under Ashenzari
 13501 | D:10     | Entered Level 10 of the Dungeon
 13763 | D:10     | Found a staircase to the Lair.
 13955 | D:10     | Reached skill level 5 in Charms
 14032 | Lair:1   | Entered Level 1 of the Lair of Beasts
 15578 | Lair:2   | Reached skill level 10 in Stealth
 15595 | Lair:2   | Learned a level 2 spell: Passwall
 15627 | Lair:2   | Noticed a necromancer
 15651 | Lair:2   | Killed a necromancer
 15839 | Lair:2   | Found a staircase to the Shoals.
 16536 | Lair:2   | Reached XP level 12. HP: 60/74 MP: 11/18
 17910 | Lair:2   | Noticed an eight-headed hydra
 17929 | Lair:2   | Mangled by an eight-headed hydra

Skill      XL: |  1  2  3  4  5  6  7  8  9 10 11 |
---------------+----------------------------------+-----
Short Blades   | 1 2 3 4 5 7 8 9 |  9.6
Stealth        | 2 3 4 5 6 7 9 10 | 10.5
Dodging        | 2 3 4 6 7 9 |  9.2
Transmutations | 1 2 |  2.0
Throwing       | 2 4 5 |  5.1
Charms         | 3 5 |  5.0
Ice Magic      | 4 |  4.4
Spellcasting   | |  4.1
Conjurations   | |  1.0
Hexes          | |  1.0

Action                   |  1- 3 |  4- 6 |  7- 9 | 10-12 || total
-------------------------+-------+-------+-------+-------++-------
Melee: Dagger            |   180 |   245 |   557 |   737 ||  1719
       Unarmed           |     4 |       |       |       ||     4
       Rapier            |       |       |       |    54 ||    54
 Fire: Blowgun           |     8 |     6 |    11 |    16 ||    41
Throw: Javelin           |       |     8 |       |     1 ||     9
 Cast: Sticks to Snakes  |       |       |     7 |    51 ||    58
       Ozocubu's Armour  |       |       |       |    13 ||    13
Invok: Curse Item        |       |       |     1 |     1 ||     2
Evoke: Wand              |       |     3 |     4 |     9 ||    16
  Use: Scroll            |     1 |     5 |     1 |     5 ||    12
       Potion            |       |     2 |     2 |     7 ||    11
 Stab: Sleeping          |     4 |     2 |     4 |    12 ||    22
       Distracted        |       |       |     1 |     4 ||     5
  Eat: Chunk             |     6 |     8 |    11 |    14 ||    39
       Meat ration       |       |       |     1 |     1 ||     2
       Fruit             |       |       |       |     6 ||     6
       Bread ration      |       |       |       |     2 ||     2
Armor: Robe              |    46 |    56 |   146 |   161 ||   409
Dodge: Dodged            |    95 |   135 |   314 |   463 ||  1007
